AoeStats
← NPG | Shimishi Maki

Arabia

509659980Analyzed
4v4 RM · 4d ago on Sep 27, 2026· 42m 43s· 8 players
Game mode
Random Map
Map size
Large (8 player)
Population
200
Speed
Normal
Resources
Standard
Victory
Conquest
Starting age
Dark Age
Ending age
Imperial Age
RankedLock teamsTeams togetherTeam positionsShared explorationLock speedFull tech treeHidden civsTurbo modeCheats
Victory
Defeat
1674
+9
🇦🇷 Malians · Argentina
1481
+17
🇨🇱 Bohemians · Chile
1478
+17
🇨🇱 Bengalis · Chile
1397
+21
🇩🇪 Burgundians · Germany
1526
-17
🇭🇰 Maya · Hong Kong SAR China
1504
-16
🇩🇪 Persians · Germany
1502
-16
🇫🇷 Vikings · France
1489
-15
pawnsacrifice
6:44 Loom
9:07 Feudal Age
9:40 Double-Bit Axe
9:40 Horse Collar
20:38 Scale Barding Armor
23:41 Castle Age
22:31 Bloodlines
22:33 Gold Mining
23:22 Forging
23:33 Light Cavalry
24:14 Husbandry
25:54 Chain Barding Armor
27:53 Bow Saw
29:17 Wheelbarrow
34:16 Heavy Plow
35:26 Hand Cart
36:50 Iron Casting
39:44 Imperial Age
38:31 Iron Casting
40:35 Plate Barding Armor
39:22 Hussar
39:26 Cavalier
JOK3R_LSR
6:45 Loom
9:59 Feudal Age
10:50 Double-Bit Axe
17:17 Fletching
23:51 Castle Age
22:44 Padded Archer Armor
23:05 Gold Mining
24:10 Crossbowman
26:28 Bodkin Arrow
28:35 Gold Shaft Mining
31:35 Ballistics
32:14 Town Watch
32:45 Bow Saw
40:15 Imperial Age
38:45 Leather Archer Armor
40:19 Arbalester
41:45 Bracer
pray4u
0:31 Loom
9:50 Feudal Age
14:56 Double-Bit Axe
19:56 Fletching
20:07 Padded Archer Armor
24:14 Castle Age
23:37 Gold Mining
24:26 Crossbowman
25:03 Bodkin Arrow
29:05 Ballistics
34:20 Horse Collar
36:34 Wheelbarrow
35:36 Elite Skirmisher
37:22 Leather Archer Armor
gamelnderGamler
5:11 Loom
10:43 Feudal Age
11:38 Double-Bit Axe
17:44 Horse Collar
19:10 Scale Barding Armor
22:17 Bow Saw
23:39 Wheelbarrow
27:13 Castle Age
26:34 Forging
27:15 Cavalier
28:18 Chain Barding Armor
28:41 Gold Mining
29:38 Husbandry
32:53 Iron Casting
37:29 Gold Shaft Mining
40:02 Two-Man Saw
39:49 Hand Cart
39:27 Pikeman
40:07 Squires
40:59 Fletching
NPG | El Compadre
6:45 Loom
8:45 Feudal Age
9:29 Double-Bit Axe
11:24 Horse Collar
14:48 Wheelbarrow
22:06 Castle Age
23:02 Bow Saw
23:11 Hand Cart
23:28 Fervor
23:41 Sanctity
23:45 Town Watch
25:38 Fletching
29:58 Caravan
37:08 Imperial Age
36:10 Chemistry
35:21 Masonry
35:14 Bodkin Arrow
35:21 Scale Mail Armor
35:31 Forging
36:24 Coinage
36:04 Pikeman
36:45 Squires
36:30 Arson
37:02 Chain Mail Armor
38:04 Iron Casting
38:32 Plate Mail Armor
37:25 Halberdier
38:02 Houfnice
40:15 Blast Furnace
41:13 Conscription
Manu CL
7:30 Loom
9:22 Feudal Age
8:17 Loom
9:59 Double-Bit Axe
9:36 Man-at-Arms
14:10 Fletching
17:34 Padded Archer Armor
19:17 Wheelbarrow
25:14 Castle Age
23:45 Gold Mining
24:57 Horse Collar
25:16 Crossbowman
25:55 Bodkin Arrow
26:28 Bow Saw
27:16 Leather Archer Armor
27:41 Ballistics
28:05 Town Watch
32:48 Imperial Age
32:50 Arbalester
33:32 Bracer
35:05 Chemistry
41:29 Ring Archer Armor
43:18 Town Patrol
43:37 Hand Cart
NPG | Shimishi Maki
6:29 Loom
8:54 Feudal Age
9:42 Double-Bit Axe
9:42 Horse Collar
14:31 Wheelbarrow
19:45 Castle Age
18:15 Forging
18:39 Bloodlines
20:48 Scale Barding Armor
20:54 Bow Saw
21:00 Husbandry
21:04 Heavy Plow
22:36 Chain Barding Armor
29:28 Hand Cart
28:58 Town Watch
30:37 Gold Mining
30:37 Stone Mining
33:29 Fletching
36:22 Imperial Age
34:38 Iron Casting
34:04 Chatras
34:59 Stone Shaft Mining
36:10 Ballistics
36:43 Caravan
37:46 Plate Barding Armor
38:03 Coinage
37:52 Elite Battle Elephant
38:59 Bodkin Arrow
41:45 Crop Rotation
44:06 Two-Man Saw
Casitas Voy
7:04 Loom
9:39 Feudal Age
10:53 Double-Bit Axe
21:03 Castle Age
19:29 Fletching
21:03 Horse Collar
21:06 Crossbowman
21:43 Bodkin Arrow
21:59 Bow Saw
22:51 Town Watch
23:42 Wheelbarrow
23:52 Ballistics
27:50 Hand Cart
29:16 Heavy Plow
29:42 Padded Archer Armor
31:03 Leather Archer Armor
30:52 Gold Mining
35:27 Imperial Age
32:50 Man-at-Arms
33:32 Scale Mail Armor
33:42 Forging
34:30 Chain Mail Armor
34:21 Squires
33:42 Long Swordsman
36:21 Iron Casting
36:50 Plate Mail Armor
37:39 Chemistry
36:01 Two-Handed Swordsman
39:49 Iron Casting
40:24 Arson
41:11 Ring Archer Armor
41:17 Champion
Connection lost

Rejoining the realm…

Still unreachable

The connection could not be restored.

Session expired

The server has moved on; the page needs a fresh start.